 Dungeon Crawl Stone Soup version 0.22.1-1-ga44c0e5 (webtiles) character file.

177 Fang the Chopper (level 5, -4/49 HPs)
             Began as a Gargoyle Berserker on Sept 20, 2018.
             Was a Believer of Trog.
             Slain by an orc warrior
             ... wielding a +0 broad axe
              (12 damage)
             ... on level 4 of the Dungeon.
             The game lasted 00:01:41 (2040 turns).

Fang the Chopper (Gargoyle Berserker)               Turns: 2040, Time: 00:01:41

Health: -4/49      AC:  6    Str: 27    XL:     5   Next: 57%
Magic:  5/5        EV: 12    Int:  7    God:    Trog [**....]
Gold:   103        SH:  0    Dex:  9    Spells: 4/4 levels left

rFire    . . .     SeeInvis .   a - +0 hand axe
rCold    . . .     Gourm    .   (no shield)
rNeg     + . .     Faith    .   b - +0 animal skin
rPois    ∞         Spirit   .   (no helmet)
rElec    +         Reflect  .   m - scarf {repulsion}
rCorr    .         Harm     .   (no gloves)
MR       .....                  (no boots)
Stlth    ..........             (no amulet)
HPRegen  0.16/turn              (no ring)
MPRegen  0.09/turn              (no ring)

@: berserking (expiring), repel missiles, very quick
A: negative energy resistance 1, electricity resistance, unbreathing,
petrification resistance, rot immunity, AC +4
a: Berserk, Trog's Hand, Renounce Religion


You were on level 4 of the Dungeon.
You worshipped Trog.
Trog was pleased with you.
You were hungry.

You visited 1 branch of the dungeon, and saw 4 of its levels.

You collected 103 gold pieces.

Inventory:

Hand Weapons
 a - a +0 hand axe (weapon)
Armour
 b - a +0 animal skin (worn)
 m - a scarf of repulsion (worn)
Wands
 l - a wand of flame (22)
Scrolls
 e - 5 scrolls of identify {unknown}
 i - 3 scrolls of remove curse {unknown}
 k - a scroll of noise {unknown}
 n - a scroll of teleportation {unknown}
Potions
 d - 3 potions of curing {unknown}
 f - a potion of heal wounds {unknown}
 g - a potion of agility {unknown}
 h - 3 potions of haste {unknown}
 j - a potion of lignification {unknown}
Comestibles
 c - 6 rations


   Skills:
 + Level 4.0 Fighting
 + Level 4.3 Axes
 + Level 2.3 Armour
 + Level 2.7 Dodging
 + Level 0.8 Stealth


You had 4 spell levels left.
You didn't know any spells.
Your spell library was empty.

Dungeon Overview and Level Annotations

Branches:
Dungeon (4/15)
 Temple: D:4-7

Altars:
Nemelex Xobeh
Ru
Sif Muna
Trog


Innate Abilities, Weirdness & Mutations

You are resistant to torment.
Your stone body is resilient. (AC +4)
You are immune to poison.
You resist negative energy. (rN+)
You are resistant to electric shocks. (rElec)
You can survive without breathing.
You are immune to petrification.
You are immune to rotting.


Message History

The adder barely misses you.
Unknown command.
You slash the orc warrior!
The orc warrior is moderately wounded.
You slash the adder!
You kill the adder!
Trog accepts your kill. The orc warrior closely misses you.
Unknown command.
You hit the orc warrior.
The orc warrior is heavily wounded.
You barely miss the orc.
Unknown command.
You barely miss the orc warrior.
The orc warrior is heavily wounded.
You slash the orc!
You kill the orc!
Trog accepts your kill.
The orc warrior hits you with a broad axe!
You die...

...........>########
#####.#............#
#.##...#######.#
#.###### #.# #.# #.#
#.# #.# #.# #.# ...
...######.# #.#
#....oo@..#
..(...)#### .....#.
#### #. #. #. #. #.


You could see an orc warrior and an orc.

Vanquished Creatures
  A scorpion (D:4)
  An orc wizard (D:3)
  A howler monkey skeleton (D:3)
  2 adders
  An ooze (D:2)
  A worm (D:2)
  2 dart slugs (D:2)
  3 leopard geckos
  6 orcs
  A ball python (D:1)
  7 bats
  A giant cockroach (D:2)
  8 goblins
  2 hobgoblins
  6 kobolds
  8 frilled lizards
  5 rats
56 creatures vanquished.

Notes
Turn   | Place    | Note
-------+----------+-------------------------------------------
     0 | D:1      | Fang the Gargoyle Berserker began the quest for the Orb.
     0 | D:1      | Reached XP level 1. HP: 14/14 MP: 1/1
    29 | D:1      | Reached XP level 2. HP: 19/19 MP: 2/2
   597 | D:2      | Reached XP level 3. HP: 22/24 MP: 3/3
   863 | D:2      | Found a bloodstained altar of Trog.
   885 | D:2      | Found a deep blue altar of Sif Muna.
   903 | D:2      | Reached ** piety under Trog
  1085 | D:2      | Found a sparkling altar of Nemelex Xobeh.
  1113 | D:2      | Reached XP level 4. HP: 29/29 MP: 4/4
  1178 | D:2      | Found a sacrificial altar of Ru.
  1618 | D:3      | Reached XP level 5. HP: 33/33 MP: 5/5
  2029 | D:4      | Noticed an orc warrior
  2040 | D:4      | Slain by an orc warrior

Skill      XL: |  1  2  3  4  5 |
---------------+----------------+-----
Axes           | 3 4 |  4.3
Dodging        | 2 |  2.7
Fighting       | 4 |  4.0
Armour         | |  2.3
Stealth        | |  0.8

Action                   |  1- 3 |  4- 6 || total
-------------------------+-------+-------++-------
Melee: Hand axe          |   117 |    68 ||   185
Invok: Berserk           |       |     1 ||     1
 Stab: Sleeping          |       |     1 ||     1
  Eat: Chunk             |       |     4 ||     4
Armor: Animal skin       |    56 |    12 ||    68
Dodge: Dodged            |   101 |    37 ||   138
